 Dungeon Crawl Stone Soup version 0.26-a0-21-gf97e55dc39 (webtiles) character file.

Game seed: 16606424279136630803, levelgen mode: deterministic

8892 Esekla the Covert (level 11, -7/70 HPs)
             Began as an Octopode Warper on May 26, 2020.
             Was an Initiate of Gozag.
             Mangled by a two-headed ogre
             ... wielding a +0 giant club
              (16 damage)
             ... on level 9 of the Dungeon on May 27, 2020.
             The game lasted 01:56:15 (15158 turns).

Esekla the Covert (Octopode Warper)                Turns: 15158, Time: 01:56:18

Health: -7/70      AC:  9    Str: 10    XL:     11   Next: 38%
Magic:  16/21      EV: 17    Int: 23    God:    Gozag
Gold:   133        SH:  0    Dex: 14    Spells: 4/23 levels left

rFire    . . .     SeeInvis +   v - +2 dagger (venom)
rCold    . . .     Gourm    .   (no shield)
rNeg     . . .     Faith    .   e - +2 hat
rPois    +         Spirit   .   m - amulet of magic regeneration
rElec    .         Reflect  .   K - ring of poison resistance
rCorr    .         Harm     .   L - +6 ring of intelligence
MR       .....                  M - ring of see invisible
Stlth    +++++.....             (no ring)
HPRegen  0.21/turn              (no ring)
MPRegen  0.42/turn              (no ring)
                                (no ring)
                                (no ring)

@: icy armour
A: almost no armour, stealthy swim, amphibious, 8 rings, constrict 8, camouflage
1, gelatinous body 1
a: Potion Petition, Call Merchant, Bribe Branch, Renounce Religion


You were on level 9 of the Dungeon.
You worshipped Gozag.
Gozag was aware of your devotion.
You were not hungry.

You visited 2 branches of the dungeon, and saw 10 of its levels.
You also visited: Bailey.

You collected 1595 gold pieces.
You spent 1365 gold pieces at shops.
You paid 97 gold pieces to Gozag.

Inventory:

Hand Weapons
 h - a +0 dagger of holy wrath
 p - a +2 dagger of protection
 q - a +5 spear
 s - a +1 vampiric spear
 t - a +0 long sword
 v - a +2 dagger of venom (weapon)
 A - a +3 short sword
Missiles
 d - 5 boomerangs of dispersal (quivered)
 o - 13 boomerangs
 G - 26 javelins
Armour
 e - a +2 hat (worn)
Jewellery
 j - an uncursed amulet of reflection
 m - an amulet of magic regeneration (around mantle)
 z - an uncursed ring of ice
 D - an uncursed ring of ice
 K - a ring of poison resistance (left tentacle)
 L - a +6 ring of intelligence (right tentacle)
 M - a ring of see invisible (on tentacle)
Scrolls
 c - 3 scrolls of blinking
 g - 6 scrolls of remove curse
 k - a scroll of immolation
 l - a scroll of acquirement {unknown}
 r - 5 scrolls of teleportation
 y - a scroll of fear
 B - 2 scrolls of identify
 H - a scroll of fog
 J - a scroll of enchant armour
 N - a scroll of brand weapon {unknown}
 O - 2 scrolls of magic mapping {unknown}
Potions
 a - 2 potions of flight
 b - 2 potions of stabbing
 i - a potion of magic
 n - 6 potions of curing
 u - 4 potions of heal wounds
 w - a potion of resistance {unknown}
 x - a potion of invisibility
 C - a potion of haste {unknown}
 E - a potion of might
 F - a potion of berserk rage {unknown}
Comestibles
 f - 5 rations


   Skills:
 + Level 4.6 Fighting
 + Level 4.5(5.9) Short Blades
 + Level 5.9(6.6) Long Blades
 + Level 0.6 Polearms
 - Level 1.0 Throwing
 + Level 6.5 Dodging
 - Level 8.5 Stealth
 * Level 6.9 Spellcasting
 + Level 6.3 Conjurations
 + Level 4.2 Hexes
 + Level 4.5 Charms
 * Level 1.0 Summonings
 + Level 5.1 Translocations
 * Level 0.7 Ice Magic
 * Level 0.8 Air Magic


You had 4 spell levels left.
You knew the following spells:

 Your Spells              Type           Power        Failure   Level  Hunger
a - Ozocubu's Armour      Chrm/Ice       ###.....     8%          3    None
b - Blink                 Tloc           N/A          1%          2    None
d - Tukima's Dance        Hex            ####....     4%          3    None
e - Searing Ray           Conj           #####.       1%          2    None
g - Shroud of Golubria    Chrm/Tloc      ####..       1%          2    None
i - Corona                Hex            ####...      1%          1    None
l - Summon Lightning Spi  Summ/Air       ##......     45%         4    ###....
s - Song of Slaying       Chrm           ####....     1%          2    None

Your spell library contained the following spells:

 Spells                   Type           Power        Failure   Level  Hunger
 Infusion                 Chrm           ####         1%          1    None
 Magic Dart               Conj           ####         1%          1    None
 Dazzling Flash           Conj/Hex       ####..       2%          3    None
 Gell's Gravitas          Tloc           ####......   2%          3    None
 Lesser Beckoning         Tloc           ####......   2%          3    None
 Teleport Other           Tloc           ####....     2%          3    None
 Spectral Weapon          Hex/Chrm       ####....     3%          3    None
 Summon Small Mammal      Summ           ##..         4%          1    None
 Ensorcelled Hibernation  Hex/Ice        ###...       4%          2    None
 Confusing Touch          Hex            ####....     4%          3    None
 Iskenderun's Mystic Bla  Conj/Tloc      ####....     7%          4    ###....
 Call Imp                 Summ           ##......     8%          2    None
 Summon Guardian Golem    Hex/Summ       ###.....     8%          3    None
 Fulminant Prism          Conj/Hex       ####......   9%          4    ###....
 Passage of Golubria      Tloc           N/A          10%         4    ###....
 Call Canine Familiar     Summ           ##......     16%         3    None
 Summon Ice Beast         Ice/Summ       ##......     47%         4    ###....
 Petrify                  Tmut/Erth      #.......     61%         4    ###....
 Metabolic Englaciation   Hex/Ice        ###.......   58%         5    #####..
 Yara's Violent Unravell  Hex/Tmut       ###.......   65%         5    #####..


Dungeon Overview and Level Annotations

Branches:
Dungeon (9/15)             Temple (1/1) D:7          Bailey (visited)
   Lair: D:8-11         Orc: D:9-12

Altars:
Ashenzari
Cheibriados
Dithmenos
Elyvilon
Gozag
Nemelex Xobeh
Okawaru
Ru
Sif Muna
Uskayaw
Vehumet
Wu Jian
Xom
Zin
The Shining One

Shops:
D:4 :   D:7 =

Portals:
Abyss: D:7

Annotations:
D:7 2 transporters, Aviak's ghost, novice TeBe


Innate Abilities, Weirdness & Mutations

You cannot wear most types of armour.
You are very stealthy in the water. (Stealth+)
You are amphibious.
You can wear up to eight rings at the same time.
You can use your tentacles to constrict eight enemies at once.
Your skin changes colour to match your surroundings (Stealth+).
Your rubbery body absorbs attacks. (AC +1, EV +1)


Message History

Aim: a two-headed ogre, wielding two +0 giant clubs You throw a poisoned dart.
The poisoned dart hits the two-headed ogre.
The two-headed ogre is poisoned.
You hit the two-headed ogre.
The two-headed ogre looks even sicker.
The two-headed ogre is lightly wounded.
The two-headed ogre hits you with a +0 giant club!!
The two-headed ogre hits you with a +0 giant club!
Okay, then.
Casting: Ozocubu's Armour (dangerous; 8% risk of failure)
Confirm with . or Enter, or press ? or * to list all spells.
You blink.
Casting: Blink (safe; 1% risk of failure)
Confirm with . or Enter, or press ? or * to list all spells.
You blink.
The two-headed ogre hits you with a +0 giant club!!
* * * LOW HITPOINT WARNING * * *
The two-headed ogre hits you with a +0 giant club!
You die...
Your body crumbles into a pile of gold.

..##....##..)..#.#...........#..≈
..##...>...............##.###.#..
..##....##.....###(.#...#)####.##
.#####.###....####(#..[.....)....
.# #.# ###......)...##...###...
.#####.#####..(.#####.###..######
..##...........§.# ##.# #...#
#.##.#....##.###O###..# #.#.# #
#.#..##......# #@#...## #.#.#####
#...###.#Y#### #...### #.#......
..###...#.# ##..# #.####...
#.....###.# ##.## #.# #...
#..#### #.######...######.####.##
#..######...#.............Y..Y...
#.....<..........####.###.####.##
..........#####....##.###.# #..#
...........###..##.##..##.# #.##


You could see a two-headed ogre (very poisoned).

Vanquished Creatures
  A queen bee (D:9)
  A troll (D:9)
  A hornet (D:8)
  2 hippogriffs (D:8)
  Sigmund (D:2)
  5 yaks
  Edmund (D:5)
  A water moccasin (D:7)
  3 ice beasts
  A hornet zombie (D:7)
  Duvessa (D:5)
  12 orc warriors
  3 ogres
  4 sky beasts
  An eye of draining (D:8)
  13 centaurs
  A gnoll sergeant (D:8)
  8 bullfrogs
  2 scorpions
  Dowan (D:5)
  5 wights (D:9)
  A jelly (D:8)
  22 killer bees
  An electric eel (D:6)
  A howler monkey (D:8)
  2 centaur zombies (D:7)
  5 orc priests
  A bullfrog skeleton (D:4)
  A gnoll shaman (D:5)
  6 hounds
  10 orc wizards
  Jessica (D:7)
  Terence (D:2)
  Natasha (thrice) (D:2)
  3 iguanas
  8 worker ants
  A killer bee simulacrum (D:8)
  A worker ant zombie (D:3)
  11 gnolls
  A howler monkey skeleton (D:4)
  8 adders
  A shadow imp (D:7)
  2 ufetubi (D:8)
  3 oozes
  3 adder zombies
  2 worms (D:2)
  An adder skeleton (D:5)
  3 dart slugs
  7 leopard geckos
  43 orcs
  6 giant cockroaches
  A goblin (D:3)
  3 hobgoblins
  11 jackals
  4 kobolds
  3 quokkas
  2 bats
  4 frilled lizards
  A leopard gecko skeleton (D:4)
  A leopard gecko zombie (D:8)
  A quokka simulacrum (D:8)
  10 rats
268 creatures vanquished.

Vanquished Creatures (others)
  A quokka (D:7)
1 creature vanquished.

Grand Total: 269 creatures vanquished

Notes
Turn   | Place    | Note
-------+----------+-------------------------------------------
     0 | D:1      | Esekla the Octopode Warper began the quest for the Orb.
     0 | D:1      | Reached XP level 1. HP: 14/14 MP: 3/3
   242 | D:1      | Reached XP level 2. HP: 14/19 MP: 5/5
   247 | D:1      | Learned a level 2 spell: Shroud of Golubria
   250 | D:1      | Learned a level 2 spell: Blink
  1043 | D:2      | Found an ornate altar of the Wu Jian Council.
  1385 | D:2      | Reached XP level 3. HP: 23/24 MP: 3/6
  1592 | D:2      | Noticed Natasha
  1611 | D:2      | Killed Natasha
  1611 | D:2      | Reached skill level 1 in Stealth
  1611 | D:2      | Reached XP level 4. HP: 25/29 MP: 4/7
  1619 | D:2      | Noticed Sigmund
  1814 | D:2      | Noticed Natasha
  1914 | D:2      | Found a faded altar of an unknown god.
  1921 | D:2      | Noticed Terence
  1929 | D:2      | Killed Terence
  1929 | D:2      | Reached skill level 1 in Charms
  1945 | D:2      | Learned a level 2 spell: Searing Ray
  2000 | D:2      | Killed Sigmund
  2000 | D:2      | Reached skill level 2 in Stealth
  2000 | D:2      | Reached skill level 1 in Conjurations
  2000 | D:2      | Reached XP level 5. HP: 35/35 MP: 1/8
  2000 | D:2      | Reached XP level 6. HP: 41/41 MP: 1/9
  2235 | D:2      | Killed Natasha
  2303 | D:2      | Noticed Natasha
  2317 | D:2      | Killed Natasha
  2610 | D:3      | You fall into a shaft and drop 1 floor!
  2767 | D:4      | You fall into a shaft and drop 1 floor!
  2767 | D:5      | Entered Level 5 of the Dungeon
  2868 | D:5      | Reached skill level 3 in Stealth
  2868 | D:5      | Reached XP level 7. HP: 44/45 MP: 6/11
  3323 | D:5      | Noticed Duvessa
  3323 | D:5      | Noticed Dowan
  3409 | D:5      | Reached XP level 8. HP: 37/51 MP: 1/13
  3435 | D:4      | Reached skill level 4 in Stealth
  3651 | D:4      | Reached skill level 5 in Long Blades
  3781 | D:4      | Noticed Edmund
  3814 | D:5      | Killed Edmund
  3955 | D:4      | Reached skill level 5 in Stealth
  3960 | D:4      | Found Keicerr's Book Boutique.
  4642 | D:5      | Killed Dowan
  4642 | D:5      | Reached skill level 1 in Short Blades
  4642 | D:5      | Reached XP level 9. HP: 55/55 MP: 15/15
  4951 | D:5      | Killed Duvessa
  5162 | D:6      | Found a hide-covered altar of Uskayaw.
  5384 | D:6      | Found a sparkling altar of Nemelex Xobeh.
  6149 | D:7      | Noticed Jessica
  6197 | D:7      | Found a snail-covered altar of Cheibriados.
  6554 | D:7      | Reached skill level 6 in Stealth
  6701 | D:7      | Found a white marble altar of Elyvilon.
  6849 | D:7      | Reached skill level 5 in Spellcasting
  6876 | D:7      | Reached skill level 5 in Dodging
  6898 | D:7      | Found a staircase to the Ecumenical Temple.
  7124 | Temple   | Entered the Ecumenical Temple
  7160 | Temple   | Became a worshipper of Gozag Ym Sagoz the Greedy
  7512 | D:3      | Found a shadowy altar of Dithmenos.
  7512 | D:3      | Found a glowing silver altar of Zin.
  7804 | D:3      | Learned a level 1 spell: Corona
  8153 | D:7      | Found Cuety's Jewellery Shoppe.
  8283 | D:7      | Found a transporter.
  8319 | D:7      | Found a one-way gate to the infinite horrors of the Abyss.
  8319 | D:7      | Noticed Aviak's ghost (novice TeBe)
  8330 | D:7      | Noticed an ancient zyme
  8391 | D:7      | Noticed an ancient zyme
  8478 | D:7      | Killed Jessica
  8481 | D:7      | Found a shimmering blue altar of Sif Muna.
  8625 | D:7      | Bought an uncursed ring of poison resistance for 260 gold
                  | pieces
  8705 | D:7      | Reached skill level 1 in Hexes
  8708 | D:7      | Reached XP level 10. HP: 36/63 MP: 8/17
  8966 | D:7      | Found a transporter.
  8988 | D:8      | Reached skill level 7 in Stealth
  8999 | D:8      | Noticed a two-headed ogre
  9227 | D:8      | Reached skill level 8 in Stealth
  9666 | D:8      | Reached skill level 5 in Conjurations
  9745 | D:8      | Learned a level 3 spell: Tukima's Dance
 10812 | D:9      | Noticed a two-headed ogre
 11093 | D:9      | Found a sacrificial altar of Ru.
 11123 | D:9      | Found a glowing silver altar of Zin.
 11215 | D:9      | Found a flagged portal.
 11222 | Bailey   | Entered a bailey
 11804 | Bailey   | Reached XP level 11. HP: 53/69 MP: 20/20
 12440 | Bailey   | Identified the cursed +1 chain mail "Byill" {rC+ rN+ MR-
                  | rCorr}
 12506 | Bailey   | Reached skill level 5 in Translocations
 13932 | D:7      | Bought an uncursed ring of see invisible for 195 gold
                  | pieces
 14033 | D:4      | Bought a book of Battle for 520 gold pieces
 14037 | D:4      | Learned a level 3 spell: Ozocubu's Armour
 14040 | D:4      | Learned a level 2 spell: Song of Slaying
 14040 | D:4      | Bought a book of Callings for 390 gold pieces
 14045 | D:4      | Learned a level 4 spell: Summon Lightning Spire
 14865 | D:9      | Found a glowing golden altar of the Shining One.
 15040 | D:9      | Reached skill level 1 in Summonings
 15158 | D:9      | Mangled by a two-headed ogre

Illustrated notes

Levels and vault maps discovered:
D:1:      ncdulo_watergridlock, layout_basic
D:2:      layout_basic, nicolae_overflow_crystal_walls,
          chequers_ecumenical_altar_simple_redux, uniq_sigmund, uniq_natasha,
          uniq_terence
D:3:      layout_loops_ring, gammafunk_temple_overflow_elements
D:4:      layout_basic, first_ration, serial_shops, shop_statue, uniq_edmund
D:5:      layout_loops_ring, fountainhead, uniq_duvessa
D:6:      layout_basic, lemuel_doored_altar, eat_drink_and_be_merry_uskayaw,
          corexii_item_surrounded_by_moat, kennysheep_generic_room_5
D:7:      layout_basic, elyvilon_altar_4, old_standard_altar, tgw_sif,
          minmay_temple_entry_sparse_star, serial_shops, shop,
          gammafunk_ghost_abyssal_escape
D:8:      layout_gridville, serial_ice, serial_ice_o, serial_ice_a,
          serial_ice_n, serial_ice_m
D:9:      layout_rooms, nicolae_overflow_hidden_temple, enter_bailey_2,
          basic_altar, david_nohive_1, nicolae_ru_awakened_eye
Temple:   oiseaux_autumnal_temple

Skill      XL: |  1  2  3  4  5  6  7  8  9 10 11 |
---------------+----------------------------------+-----
Dodging        | 3 4 5 6 |  6.5
Stealth        | 1 2 3 5 6 8 |  8.5
Charms         | 1 2 3 4 |  4.5
Long Blades    | 3 4 5 |  5.9
Conjurations   | 1 2 3 4 6 |  6.3
Spellcasting   | 3 4 5 6 |  6.9
Translocations | 4 5 |  5.1
Short Blades   | 1 2 3 4 |  4.5
Fighting       | 4 |  4.6
Hexes          | 1 3 4 |  4.2
Summonings     | 1 |  1.0
Polearms       | |  0.6
Throwing       | |  1.0
Ice Magic      | |  0.7
Air Magic      | |  0.8

Action                   |  1- 3 |  4- 6 |  7- 9 | 10-12 || total
-------------------------+-------+-------+-------+-------++-------
Melee: Falchion          |    42 |    19 |       |       ||    61
       Constrict         |    12 |     8 |    44 |    52 ||   116
       Tentacles         |    11 |     9 |    42 |    75 ||   137
       Long sword        |       |    15 |    61 |    10 ||    86
       Dagger            |       |     1 |   135 |   372 ||   508
       Spear             |       |     1 |     3 |       ||     4
Throw: Boomerang         |       |       |     6 |    11 ||    17
       Dart              |       |       |       |    17 ||    17
 Cast: Shroud of Golubri |     2 |     5 |    11 |    18 ||    36
       Searing Ray       |       |     9 |    42 |    25 ||    76
       Blink             |       |       |     5 |     6 ||    11
       Ozocubu's Armour  |       |       |       |     4 ||     4
  Use: Scroll            |       |       |    10 |     7 ||    17
       Potion            |       |       |     2 |     2 ||     4
 Stab: Sleeping          |     4 |     3 |    29 |     9 ||    45
       Distracted        |       |     1 |     1 |     1 ||     3
       Invisible         |       |       |       |     3 ||     3
  Eat: Chunk             |     1 |     5 |    13 |       ||    19
       Ration            |       |       |     2 |     7 ||     9
Armor: Skin              |     1 |     5 |    23 |    79 ||   108
Dodge: Dodged            |    24 |    30 |   168 |   295 ||   517
Block: Other             |     4 |     8 |       |    18 ||    30
       Rpst.: Falchion   |    11 |     3 |       |       ||    14
       Long sword        |       |     6 |    21 |     7 ||    34

Table legend:
 A = Non-vault XP
 B = Vault XP
 C = Vault XP percentage of total XP
 D = Non-vault monster count
 E = Vault monster count
 F = Vault count percentage of total count
                 A         B        C        D         E       F
            +---------+---------+-------+---------+---------+-------
      Total |    8048 |    4656 |  36.6 |     200 |      68 |  25.4
            +---------+---------+-------+---------+---------+-------
        D:1 |      29 |       0 |   0.0 |      21 |       0 |   0.0
        D:2 |     119 |     298 |  71.5 |      10 |       3 |  23.1
        D:3 |     141 |       0 |   0.0 |      23 |       0 |   0.0
        D:4 |     529 |       0 |   0.0 |      21 |       0 |   0.0
        D:5 |    1271 |     375 |  22.8 |      30 |       3 |   9.1
        D:6 |     312 |      85 |  21.4 |      15 |       1 |   6.2
        D:7 |    1737 |      37 |   2.1 |      32 |       1 |   3.0
        D:8 |    2006 |     370 |  15.6 |      24 |       6 |  20.0
        D:9 |    1904 |    1195 |  38.6 |      24 |      15 |  38.5
     Bailey |       0 |    2296 | 100.0 |       0 |      39 | 100.0
            +---------+---------+-------+---------+---------+-------
